 Dungeon Crawl Stone Soup version 0.31-a0-1424-g2add1c7226 (webtiles) character file.

Game seed: 7072169771949963307

490 Ofeo the Trooper (level 7, -7/72 HPs)
             Began as an Oni Gladiator on Dec 26, 2023.
             Killed from afar by Pikel (13 damage)
             ... with a bolt of light
             ... on level 4 of the Dungeon.
             The game lasted 00:03:49 (3859 turns).

Ofeo the Trooper (Oni Gladiator)                    Turns: 3859, Time: 00:03:49

Health: -7/72      AC:  3    Str: 18 (21) XL:     7   Next: 14%
Magic:  7/7        EV: 10    Int:  7 (9)  God:
Gold:   200        SH:  0    Dex:  7 (10) Spells: 6/6 levels left

rFire   . . .        a - +1 whip (venom)
rCold   + . .        (no shield)
rNeg    . . .        t - +0 robe {Will+}
rPois   .            c - +0 hat
rElec   .            (no cloak)
rCorr   .            (gloves unavailable)
SInv    .            (boots unavailable)
Will    ++...        l - amulet of regeneration
Stlth   +            f - ring of protection from cold
HPRegen 1.12/turn    (no ring)
MPRegen 0.10/turn

%: no passive effects
@: confused, enlightened, flying
A: large, unfitting armour, horns 1, tough skin 1, double potion healing,
drunken brawling
a: no special abilities


You were on level 4 of the Dungeon.
You visited 1 branch of the dungeon, and saw 4 of its levels.

You collected 236 gold pieces.
You spent 36 gold pieces at shops.

Inventory:

Hand Weapons
 a - a +1 whip of venom (weapon)
 b - a +0 giant spiked club
Missiles
 d - 3 throwing nets (quivered)
 e - a large rock
 o - 3 curare-tipped darts
 s - 9 poisoned darts
Armour
 c - a +0 hat (worn)
 t - a +0 robe of willpower (worn)
Jewellery
 f - a ring of protection from cold (left hand)
 l - an amulet of regeneration (around neck)
Wands
 j - a wand of charming (7)
Scrolls
 m - 3 scrolls of noise
Potions
 g - a potion of mutation
 k - a potion of lignification {unknown}
 n - a potion of magic
 q - 2 potions of curing {@q1}
 r - a potion of invisibility {unknown}
 v - a potion of haste {unknown}


   Skills:
 + Level 5.4 Fighting
 + Level 4.6 Maces & Flails
 + Level 4.0 Throwing
 + Level 4.2 Dodging


You had 6 spell levels left.
You didn't know any spells.
Your spell library contained the following spells:

 Spells                   Type           Power      Damage    Failure   Level
 Dazzling Flash           Conj/Hex       0%         N/A       80%         3
 Mephitic Cloud           Conj/Alch/Air  0%         N/A       80%         3
 Summon Ice Beast         Ice/Summ       0%         N/A       99%         4
 Agony                    Necr           0%         N/A       100%        5
 Silence                  Hex/Air        0%         N/A       100%        5
 Summon Mana Viper        Hex/Summ       0%         N/A       100%        5
 Monstrous Menagerie      Summ           0%         N/A       100%        7


Dungeon Overview and Level Annotations

Branches:
Dungeon (4/15)
 Temple: D:4-7

Altars:
The Shining One

Shops:
D:2 !   D:3 [

Annotations:
D:4 Pikel


Innate Abilities, Weirdness & Mutations

You are too large for most types of armour.
You have a pair of small horns on your head.
You have tough skin. (AC +1)
You gain doubled healing and magic from potions.
Whenever you drink a healing potion, you attack all around you.


Message History

* * * LOW HITPOINT WARNING * * *
Pikel burns you.
* * * LOW HITPOINT WARNING * * *
You take 19 damage, and have 6/72 hp.
MASSIVE DAMAGE!!
You take a swig of the potion and twirl your +1 whip of venom.
You whack the plant! You headbutt the plant. You punch the plant.
The plant is lightly damaged.
You barely miss Pikel.
Pikel is moderately wounded.
You savour every drop.
You feel better.
A lemure comes into view.
The lemure hits the plant!
Pikel zaps a wand.
The bolt of light misses you.
You regained 17 hp, and now have 23/72 hp.
You barely miss Pikel.
Pikel is moderately wounded.
The lemure shouts!
You hit Pikel but do no damage. Your headbutt misses Pikel.
Pikel is moderately wounded.
Pikel hits you with a +2 whip of flaming.
* * * LOW HITPOINT WARNING * * *
Pikel burns you.
* * * LOW HITPOINT WARNING * * *
The lemure hits the plant!
You take 8 damage, and have 16/72 hp.
You take a swig of the potion and twirl your +1 whip of venom.
You hit the plant.
The plant is lightly damaged.
You barely miss Pikel. Your headbutt misses Pikel.
Pikel is moderately wounded.
It was a potion of magic.
Magic courses through your body.
A nearby plant withers and dies.
Pikel zaps a wand.
The bolt of light hits you!
You are confused.
* * * LOW HITPOINT WARNING * * *
You take 12 damage, and have 4/72 hp.
You barely miss Pikel. Your headbutt misses Pikel.
Pikel is moderately wounded.
The lemure closely misses you. Pikel closely misses you.
Pikel zaps a wand.
The bolt of light hits you!
You die...
Pikel says, "Another soul for the market."

#>##.#..........PPP..#
####.#...####.#.P♣♣..#####
...............♣♣♣P......
....#...####..PP♣P..##.##
........##....♣♣P♣..##.#
..####..#P♣♣♣♣♣P♣.#.#♣.♣
##.#..P♣♣PP........
####.##5.....#.#..♣.♣
.♣.♣.♣....@.K5..#.#.#..#.#
..........#####..........♣
.....♣#.### ##. #.. ....
#.# .. #.# ... #.# ^.# ###


You could see Pikel (poisoned) and 2 lemures.

Vanquished Creatures
  An ogre (D:4)
  A lemure (D:4)
  A kobold brigand (D:4)
  Blork the orc (D:4)
  A scorpion (D:3)
  2 hounds (D:4)
  An iguana (D:4)
  Robin (D:4)
  5 adders
  2 orcs (D:4)
  3 ball pythons
  4 bats
  2 endoplasms (D:2)
  2 giant cockroaches (D:2)
  14 goblins
  7 hobgoblins
  6 jackals (D:2)
  A quokka (D:1)
  2 frilled lizards
  5 kobolds
  6 rats
68 creatures vanquished.

Notes
Turn   | Place    | Note
-------+----------+-------------------------------------------
     0 | D:1      | Ofeo the Oni Gladiator began the quest for the Orb.
     0 | D:1      | Reached XP level 1. HP: 22/22 MP: 1/1
   162 | D:1      | Reached XP level 2. HP: 28/29 MP: 2/2
   232 | D:1      | Reached skill level 3 in Fighting
   783 | D:2      | Found Sobanig's Distillery.
   798 | D:2      | Reached XP level 3. HP: 37/37 MP: 3/3
   809 | D:2      | Bought a potion of curing for 36 gold pieces
   971 | D:2      | Identified the +1 plate armour "Fahor" {rPois Slay+5}
  1953 | D:3      | Noticed a scorpion
  1959 | D:3      | Killed a scorpion
  1960 | D:3      | Reached skill level 4 in Fighting
  1960 | D:3      | Reached XP level 4. HP: 18/48 MP: 4/4
  2036 | D:3      | Identified the +2 hand axe of Amortisation {heavy, Dex+7}
  2162 | D:3      | Found Rilobo's Armour Shop.
  2166 | D:3      | Reached XP level 5. HP: 54/54 MP: 5/5
  2764 | D:3      | Found a glowing golden altar of the Shining One.
  3199 | D:4      | Noticed Blork the orc
  3215 | D:4      | Killed Blork the orc
  3335 | D:4      | Noticed a kobold brigand
  3345 | D:4      | Killed a kobold brigand
  3346 | D:4      | Reached XP level 6. HP: 28/65 MP: 6/6
  3502 | D:4      | Noticed Robin
  3511 | D:4      | Killed Robin
  3516 | D:4      | Reached skill level 5 in Fighting
  3590 | D:4      | Reached XP level 7. HP: 19/72 MP: 7/7
  3843 | D:4      | Noticed Pikel
  3859 | D:4      | Killed from afar by Pikel

Illustrated notes

Levels and vault maps discovered:
D:1:      eino_arrival_cavern_b, layout_basic
D:2:      layout_basic, serial_shops, shop, serial_corexii_hall,
          chequers_hall_statues_y, chequers_hall_statues_wall_a
D:3:      layout_basic, tso_altar, serial_shops, nicolae_shop_tiny_statue_garden
D:4:      layout_basic, serial_forest, infiniplex_forest_zigzag_2,
          infiniplex_forest_lined_room_, infiniplex_forest_straight_4,
          infiniplex_forest_lined_room_3, infiniplex_forest_lined_corner,
          infiniplex_forest_clump_curved, infiniplex_forest_lined_2,
          infiniplex_forest_clump_curved, infiniplex_forest_clump_small,
          uniq_blork_the_orc, uniq_robin, uniq_pikel

Skill      XL: |  1  2  3  4  5  6  7 |
---------------+----------------------+-----
Fighting       | 3 4 5 |  5.4
Dodging        | 3 4 |  4.2
Throwing       | 3 4 |  4.0
Maces & Flails | 4 |  4.6

Action                     |  1- 3 |  4- 6 |  7- 9 || total
---------------------------+-------+-------+-------++-------
  Melee: Flail             |   105 |    41 |       ||   146
         Headbutt          |    18 |    16 |     5 ||    39
         Punch             |     1 |     1 |     1 ||     3
         Whip              |       |    61 |    23 ||    84
    Use: Scroll            |     4 |     2 |       ||     6
         Potion            |       |     1 |     4 ||     5
   Stab: Sleeping          |       |     1 |       ||     1
 Armour: Robe              |    77 |    82 |    20 ||   179
  Dodge: Dodged            |    56 |    63 |     8 ||   127

Table legend: (Time is in decaauts)
 A = Elapsed time spent in this place.
 B = Non-inter-level travel time spent in this place.
 C = Inter-level travel time spent in this place.
 D = Time resting spent in this place.
 E = Time spent auto-exploring this place.
 F = Levels seen in this place.
 G = Mean time per level.
                   A        B        C        D        E       F      G
               +--------+--------+--------+--------+--------+-----+--------+
         Total |   3881 |   3721 |    160 |    214 |   2980 |   4 |  970.2 |
       Dungeon |   3881 |   3721 |    160 |    214 |   2980 |   4 |  970.2 |
               +--------+--------+--------+--------+--------+-----+--------+

Top non-repeatable levels by time:
     D:3: 1273 daAuts
     D:2: 1195 daAuts
     D:1: 739 daAuts
     D:4: 673 daAuts
